 Dungeon Sprint DCSS version 0.29.1-1-gd02db6906a (webtiles) character file.

Game seed: 18047416049295087901

3600000 Groucho the Intangible (level 18, -32/127 HPs)
             Began as a Spriggan Abyssal Knight on Oct 3, 2022.
             Was the Champion of Makhleb.
             Annihilated by The Servant
             ... wielding a +9 glaive of flaming
              (97 damage)
             ... in the Dungeon (Sprint VIII: "Arena of Blood").
             The game lasted 00:02:26 (36 turns).

Groucho the Intangible (Spriggan Abyssal Knight)      Turns: 36, Time: 00:02:27

Health: -32/127    AC:  3    Str:  9    XL:     18   Next: 55%
Magic:  19/49      EV: 47    Int: 11    God:    Makhleb [******]
Gold:   0          SH:  0    Dex: 24    Spells: 70/70 levels left

rFire   . . .      SeeInvis +   i - +∞ Axe of Woe
rCold   . . .      Faith    .   (shield currently unavailable)
rNeg    . . .      Spirit   .   b - +0 robe
rPois   .          Reflect  .   (helmet restricted)
rElec   .          Harm     .   (no cloak)
rCorr   .          Rampage  .   (gloves unavailable)
Will    +++..      NoTele   +   (boots unavailable)
Stlth   ++........              (no amulet)
HPRegen 0.31/turn               j - +30 ring of slaying
MPRegen 0.31/turn               (no ring)

@: very quick
A: very small, no large weapons, unfitting armour, see invisible, speed 3
a: Renounce Religion, Minor Destruction, Lesser Servant of Makhleb, Major
Destruction, Greater Servant of Makhleb


You were in the Dungeon.
You worshipped Makhleb.
Makhleb was exalted by your worship.
You visited 1 branch

Inventory:

Hand Weapons
 a - a +1 hand axe
 i - the +∞ Axe of Woe (weapon)
   (You found it in the Dungeon)
Armour
 b - a +0 robe (worn)
Jewellery
 j - a +30 ring of slaying (left hand)
Scrolls
 h - a scroll of blinking
Potions
 c - a potion of curing
 d - a potion of heal wounds
 e - a potion of haste
 f - 2 potions of magic
 g - a potion of berserk rage


   Skills:
 O Level 27 Fighting
 O Level 27 Axes
 + Level 18.2 Armour
 O Level 27 Dodging
 + Level 26.7 Spellcasting
 O Level 27 Invocations


You had 70 spell levels left.
You didn't know any spells.
Your spell library was empty.

Dungeon Overview and Level Annotations

Branches:
Dungeon (1/1)

Altars:
Makhleb

Annotations:
D The Servant


Innate Abilities, Weirdness & Mutations

You are very small and have problems with some larger weapons.
You are too small for most types of armour.
You have supernaturally acute eyesight. (SInv)
You cover ground extremely quickly. (Speed+++)


Message History

j - a +30 ring of slaying (left hand)
The destroyer points at you and mumbles some strange words.
The destroyer blinks!
You hear a shout!
A bag of meat comes into view. It is wielding a +9 war axe.
The destroyer gestures at you while chanting.
The destroyer blinks!
The destroyer casts a spell at you.
The destroyer blinks!
A meat berserker comes into view. It is wielding a +9 battleaxe.
You hear a shout! x5
You slice the large bag of meat!!
Flame seeps out of the large bag of meat.
You dissect the large bag of meat like a pig carcass.
Makhleb accepts your kill.
The large bag of meat explodes!
The fiery explosion engulfs you!!!
You are engulfed in blazing flames.
You hear a shout! x7
A destroyer comes into view. It is wielding a +9 vorpal great sword.
A meat berserker comes into view. It is wielding a +9 battleaxe.
The destroyer gestures at you while chanting.
The destroyer blinks!
You hear a shout! x2
A bag of meat comes into view. It is wielding a +9 war axe.
You hear a shout!
Your Armour skill gained 2 levels and is now at level 18!
Your Spellcasting skill gained 2 levels and is now at level 26!
Unknown command.
Unknown command.
The bag of meat shouts!
You hear a shout! x2
The meat berserker is engulfed in blazing flames.
You hear a shout!
The destroyer points at you and mumbles some strange words.
The destroyer blinks!
A destroyer comes into view. It is wielding a +9 vorpal great sword.
The destroyer gestures at you while chanting.
The destroyer blinks!
The Servant hits you with a +9 glaive of flaming!!!!
Ouch! That really hurt!
You die...

.. ....O #O.
...# #.. ..o# .
.###.. .o.###..
......###......
...V.§§VO...
#..○O§# #_V§§_#
#.o)@@#
.Vo§..)_§V.o....
..§...###...O...
V###.. ...###..
#.. ..§# . #.
...# .. ..... ..
....


You could see The Servant, 5 destroyers, a large bag of meat (inner flame), 3
meat berserkers and 5 bags of meat.

Vanquished Creatures
  A vampire knight (D)
  8 ogres (D)
  A two-headed ogre (D)
  14 orcs (D)
24 creatures vanquished.

Notes
Turn   | Place    | Note
-------+----------+-------------------------------------------
     0 | D        | Found the +∞ Axe of Woe
     0 | D        | Groucho the Spriggan Abyssal Knight began the quest for the
                  | Orb.
     0 | D        | Reached XP level 1. HP: 11/11 MP: 3/3
     2 | D        | Noticed a bag of meat
     3 | D        | Noticed a bag of meat
     3 | D        | Noticed a meat berserker
     4 | D        | Fell from the grace of Lugonu
     4 | D        | Became a worshipper of Makhleb the Destroyer
     4 | D        | Noticed a bag of meat
     4 | D        | Noticed a bag of meat
     5 | D        | Noticed a bag of meat
     7 | D        | Killed a meat berserker
     7 | D        | Noticed a meat berserker
     7 | D        | Noticed a meat berserker
     7 | D        | Noticed a bag of meat
     7 | D        | Noticed a bag of meat
     7 | D        | Noticed a bag of meat
     8 | D        | Reached XP level 2. HP: 16/16 MP: 4/4
     8 | D        | Reached XP level 3. HP: 19/19 MP: 5/5
     8 | D        | Reached XP level 4. HP: 23/23 MP: 6/6
     8 | D        | Reached XP level 5. HP: 27/27 MP: 7/7
     8 | D        | Reached XP level 6. HP: 32/32 MP: 8/8
     8 | D        | Reached XP level 7. HP: 35/35 MP: 9/9
     8 | D        | Reached XP level 8. HP: 39/39 MP: 10/10
     8 | D        | Reached XP level 9. HP: 43/43 MP: 11/11
     8 | D        | Reached XP level 10. HP: 47/47 MP: 12/12
     8 | D        | Reached XP level 11. HP: 51/51 MP: 13/13
     8 | D        | Killed a bag of meat
     8 | D        | Reached * piety under Makhleb
     8 | D        | Noticed a bag of meat
     8 | D        | Noticed a bag of meat
     9 | D        | Reached skill level 27 in Dodging
     9 | D        | Reached XP level 12. HP: 56/56 MP: 14/14
     9 | D        | Killed a bag of meat
    10 | D        | Reached XP level 13. HP: 59/59 MP: 15/15
    10 | D        | Killed a bag of meat
    10 | D        | Noticed a bag of meat
    11 | D        | Killed a bag of meat
    11 | D        | Reached ** piety under Makhleb
    11 | D        | Noticed a bag of meat
    11 | D        | Noticed a bag of meat
    12 | D        | Killed a meat berserker
    13 | D        | Reached skill level 27 in Axes
    13 | D        | Reached XP level 14. HP: 72/72 MP: 15/21
    13 | D        | Killed a bag of meat
    13 | D        | Noticed a meat berserker
    15 | D        | Killed a bag of meat
    15 | D        | Reached *** piety under Makhleb
    15 | D        | Killed a meat berserker
    15 | D        | Noticed a meat berserker
    16 | D        | Reached XP level 15. HP: 88/88 MP: 15/28
    17 | D        | Reached **** piety under Makhleb
    19 | D        | Killed a meat berserker
    20 | D        | Reached XP level 16. HP: 101/101 MP: 16/32
    20 | D        | Noticed a meat berserker
    22 | D        | Killed a meat berserker
    23 | D        | Reached ***** piety under Makhleb
    23 | D        | Noticed a meat berserker
    24 | D        | Noticed a large bag of meat
    24 | D        | Noticed a destroyer
    25 | D        | Killed a meat berserker
    25 | D        | Noticed a destroyer
    26 | D        | Reached skill level 27 in Invocations
    26 | D        | Reached XP level 17. HP: 121/121 MP: 17/35
    27 | D        | Reached skill level 27 in Fighting
    28 | D        | Killed a destroyer
    28 | D        | Noticed a meat berserker
    28 | D        | Noticed a meat berserker
    29 | D        | Noticed The Servant
    29 | D        | Killed a meat berserker
    30 | D        | Reached XP level 18. HP: 127/127 MP: 17/44
    30 | D        | Noticed a destroyer
    30 | D        | Noticed a meat berserker
    32 | D        | Killed a meat berserker
    32 | D        | Noticed a large bag of meat
    32 | D        | Noticed a large bag of meat
    32 | D        | Noticed a destroyer
    33 | D        | Noticed a destroyer
    34 | D        | Noticed a meat berserker
    35 | D        | Killed a large bag of meat
    35 | D        | Reached ****** piety under Makhleb
    35 | D        | Noticed a destroyer
    35 | D        | Noticed a meat berserker
    36 | D        | Noticed a destroyer
    36 | D        | Annihilated by The Servant

Illustrated notes

Levels and vault maps discovered:
D:        meatsprint

Skill      XL: |  1  2  3  4  5  6  7  8  9 10 11 12 13 14 15 16 17 18 |
---------------+-------------------------------------------------------+-----
Axes           | 17 20 22 27 | 27.0
Dodging        | 26 27 | 27.0
Fighting       | 7 14 18 26 27 | 27.0
Invocations    | 8 17 22 27 | 27.0
Armour         | 14 18 | 18.2
Spellcasting   | 21 26 | 26.7

Action                   |  1- 3 |  4- 6 |  7- 9 | 10-12 | 13-15 | 16-18 || total
-------------------------+-------+-------+-------+-------+-------+-------++-------
Melee: Broad axe         |     1 |       |       |     2 |     7 |     9 ||    19
Dodge: Dodged            |       |       |       |       |       |     1 ||     1
